[Event "Late-Titled-Tuesday-Blitz-March-26-2024"]
[Site "Chess.com"]
[Date "2024.03.26"]
[Round "5"]
[White "PNEPaul"]
[Black "teresin05"]
[Result "0-1"]
[WhiteElo "1957"]
[BlackElo "2228"]
[TimeControl "180+1"]
[EndTime "14:57:43 PDT"]
[Termination "teresin05 won on time"]

1. e4 c5 2. Nf3 Nc6 3. d4 cxd4 4. c3 Nf6 5. e5 Nd5 6. Bc4 e6 7. O-O Nb6 8. Bd3 dxc3 9. Nxc3 Be7 10. Bf4 O-O 11.
Qc1 a6 12. a3 d6 13. Rd1 d5 14. b4 Qc7 15. Qd2 Bd7 16. Rac1 Rac8 17. Bb1 g6 18. b5 axb5 19. Nxb5 Qb8 20. Nd6 Bxd6 21. exd6 f6 22. Ba2 e5 23. Bxd5+ Nxd5 24. Qxd5+ Kg7 25. Be3 Rfe8 26.
Bb6 Be6 27. Qd2 Bd7 28. a4 Qa8 29. a5 Qa6 30. h3 Qb5 31. Rb1 Qc4 32. Rbc1 Qe6 33.
Bc7 e4 34. Nd4 Nxd4 35. Qxd4 Kf7 36. Qb6 Bc6 37. Rxc6 bxc6 38. d7 Kg7 39. dxc8=Q Qxc8 40. Qxc6 Re7 0-1

[Event "Late-Titled-Tuesday-Blitz-March-26-2024"]
[Site "Chess.com"]
[Date "2024.03.26"]
[Round "5"]
[White "ckgchess"]
[Black "GHANDEEVAM2003"]
[Result "0-1"]
[WhiteElo "2920"]
[BlackElo "3052"]
[TimeControl "180+1"]
[EndTime "14:57:45 PDT"]
[Termination "GHANDEEVAM2003 won by checkmate"]

1. e4 d6 2. d4 g6 3. Be3 Bg7 4.
Nc3 Nc6 5. d5 Ne5 6. f4 Nd7 7.
g4 c6 8. Bd4 Bxd4 9. Qxd4 Ngf6 10. g5 c5 11. Qd2 Nh5 12. Be2 Ng7 13. h4 h5 14. O-O-O a6 15. Nf3 b5 16. e5 Nf5 17.
Bd3 b4 18. Bxf5 gxf5 19. Ne2 Qa5 20. Kb1 Nb6 21. Nc1 Bb7 22. exd6 exd6 23. Rhe1+ Kf8 24. g6 Bxd5 25. Ng5 Qb5 26. gxf7 Rh6 27. Qe3 Qd7 28. Qg3 Bxf7 29. Nd3 Nc4 30. Nxc5 Qc8 31.
Nxf7 Kxf7 32. Qg5 Qf8 33. Ne6 Rxe6 34. Qxh5+ Rg6 35. Rg1 Qg7 36. Rgf1 Qxb2# 0-1

[Event "Late-Titled-Tuesday-Blitz-March-26-2024"]
[Site "Chess.com"]
[Date "2024.03.26"]
[Round "5"]
[White "prime-morty"]
[Black "Boninknights"]
[Result "0-1"]
[WhiteElo "2554"]
[BlackElo "2397"]
[TimeControl "180+1"]
[EndTime "14:57:45 PDT"]
[Termination "Boninknights won on time"]

1. c4 Nf6 2. Nc3 g6 3. e4 d6 4. g3 c5 5. Bg2 Nc6 6. a3 Bg7 7. Rb1 a5 8. Nge2 O-O 9. d3 Ne8 10. O-O Nc7 11. f4 f5 12. Be3 Rb8 13. Nd5 b5 14. exf5 gxf5 15. d4 bxc4 16. dxc5 Ne6 17. cxd6 Qxd6 18. Qc2 Ba6 19. Rfd1 Nc5 20. Nf6+ Qxf6 21.
Bxc5 Rfd8 22. Rxd8+ Rxd8 23. Rd1 Qxb2 24. Rxd8+ Nxd8 25. Qxb2 Bxb2 26. Bxe7 Nf7 27. Bc5 c3 28. Nd4 Bd3 29.
Nb3 c2 30. Be3 a4 31. Nc1 Be4 32. Bf1 Bxa3 33. Bb5 Bb4 34. Bxa4 Nd6 35. Bb3+ Kg7 36. Kf2 Kg6 37. Ke2 Nb5 38. Nd3 Nc3+ 39. Kd2 Nd5+ 40. Ke2 Nxe3 0-1

[Event "Late-Titled-Tuesday-Blitz-March-26-2024"]
[Site "Chess.com"]
[Date "2024.03.26"]
[Round "5"]
[White "JaackCamel"]
[Black "TrahtarBelarus"]
[Result "0-1"]
[WhiteElo "2195"]
[BlackElo "2880"]
[TimeControl "180+1"]
[EndTime "14:57:45 PDT"]
[Termination "TrahtarBelarus won on time"]

1. d4 Nf6 2. c4 c6 3. Nc3 d5 4.
cxd5 cxd5 5. Bf4 Nc6 6. e3 Bf5 7. Qb3 Na5 8. Qa4+ Bd7 9. Qc2 Rc8 10. Bd3 e6 11. Nf3 b5 12. a3 Nc4 13. O-O Bd6 14. Qe2 Bxf4 15. exf4 O-O 16. Ne5 a6 17. h3 Qb6 18.
Rfd1 Rc7 19. f5 exf5 20. Rac1 Be6 21. a4 Rfc8 22. axb5 axb5 23. b4 Ne4 24. Bxe4 fxe4 25. Qh5 g6 26. Nxc4 Rxc4 27. Qh6 Rxc3 28. Ra1 Qd6 29. Ra7 Qf8 30. Qg5 Qxb4 31. Rda1 Qf8 32. Qf6 b4 33. Rb7 Rc1+ 34. Rxc1 Rxc1+ 35. Kh2 Rc8 36.
Qe5 h5 37. Qg3 Ra8 38. Qe5 Qg7 39. Qf4 Qxd4 40. f3 Qc3 41. fxe4 dxe4 0-1

[Event "Late-Titled-Tuesday-Blitz-March-26-2024"]
[Site "Chess.com"]
[Date "2024.03.26"]
[Round "5"]
[White "Fonsofan"]
[Black "MITerryble"]
[Result "1-0"]
[WhiteElo "2762"]
[BlackElo "2982"]
[TimeControl "180+1"]
[EndTime "14:57:47 PDT"]
[Termination "Fonsofan won by resignation"]

1. b4 d5 2. e3 Nf6 3. Bb2 Bg4 4.
Be2 Bxe2 5. Qxe2 Nbd7 6. Nf3 e6 7. a3 c5 8. bxc5 Bxc5 9. O-O Rc8 10. Rc1 Nb6 11.
a4 O-O 12. d3 Re8 13. Nbd2 Nbd7 14. c4 Bd6 15. Rab1 b6 16. cxd5 exd5 17. Nb3 Nc5 18. Nxc5 bxc5 19. Bxf6 Qxf6 20. Qa2 Qf5 21. Rc3 g5 22. h3 h5 23. Qe2 g4 24. hxg4 hxg4 25. Nh4 Qe5 26. Qxg4+ Kf8 27. Rbc1 d4 28. Nf3 Qf6 29.
exd4 Qh6 30. g3 Rc6 31. Kg2 Re2 32. Ne5 Rxf2+ 33. Kxf2 Bxe5 34. dxe5 Qh2+ 35. Kf3 Rg6 36. Qf4 Qh5+ 37. Kg2 Rh6 38. Rxc5 Qe2+ 39. Kg1 Qh2+ 40. Kf1 Qh1+ 41. Kf2 Qh2+ 42. Ke3 Rh3 43. Rc8+ Kg7 44. Qg5+ 1-0

[Event "Late-Titled-Tuesday-Blitz-March-26-2024"]
[Site "Chess.com"]
[Date "2024.03.26"]
[Round "5"]
[White "Navyblue1"]
[Black "MusicCityMaster"]
[Result "1-0"]
[WhiteElo "2269"]
[BlackElo "2433"]
[TimeControl "180+1"]
[EndTime "14:57:47 PDT"]
[Termination "Navyblue1 won by resignation"]

1. d4 Nf6 2. c4 c5 3. d5 b5 4. cxb5 a6 5. e3 g6 6. Nc3 Bg7 7. Nf3 O-O 8. a4 axb5 9. Bxb5 Ba6 10. O-O Bxb5 11. Nxb5 d6 12. Ra3 Na6 13. Re1 Nc7 14. e4 Nxb5 15. axb5 Qb6 16. Qb3 Nd7 17. Bd2 Rfb8 18.
Rxa8 Rxa8 19. Bc3 Rb8 20. Bxg7 Kxg7 21. e5 Qxb5 22. Qxb5 Rxb5 23. exd6 exd6 24. Re2 Nb6 25. h3 c4 26. Rc2 Rxd5 27. Nd2 Rc5 28. Ne4 Rc6 29.
Rd2 d5 30. Nc3 Rd6 31. Ne4 Rd8 32. Rd4 f5 33. Nc5 Kf6 34. f4 Re8 35. Kf2 Re4 36. Nxe4+ fxe4 37. Ke3 Ke6 38. g4 Na4 39. f5+ Ke5 40.
f6 Nc5 41. f7 Ne6 42. Rd1 g5 43. Rf1 d4+ 44. Kd2 e3+ 45. Ke1 Nf8 46. Rf5+ Ke4 47. Rxg5 Kd3 48. Rg8 Ne6 49. f8=Q Nxf8 50. Rxf8 Kc2 51.
Rd8 d3 52. Rd4 c3 53. bxc3 Kxc3 54. Rd8 Kc2 55. Rc8+ Kb2 56. Kd1 1-0

[Event "Late-Titled-Tuesday-Blitz-March-26-2024"]
[Site "Chess.com"]
[Date "2024.03.26"]
[Round "5"]
[White "martinmena"]
[Black "IsaqueGoncalvesSanto"]
[Result "0-1"]
[WhiteElo "2237"]
[BlackElo "1892"]
[TimeControl "180+1"]
[EndTime "14:57:47 PDT"]
[Termination "IsaqueGoncalvesSanto won on time"]

1. c4 e6 2. g3 d5 3. Bg2 Nf6 4. Nf3 dxc4 5. Qa4+ Nbd7 6. O-O Be7 7.
Qxc4 O-O 8. b3 Nb6 9. Qc2 Nbd5 10. a3 Bd7 11. Ne5 Bb5 12. d3 Rc8 13. Nc3 Nxc3 14. Qxc3 Nd5 15. Qc2 Bf6 16. Bb2 c5 17. Nc4 Bc6 18.
Bxf6 Qxf6 19. Na5 b6 20. Nxc6 Rxc6 21. e4 Qc3 22. Rfc1 Qxc2 23. Rxc2 Ne7 24. b4 cxb4 25. Rxc6 Nxc6 26. Rc1 b3 27. Bf3 Na5 28. Rb1 Rc8 29. Bd1 Rc3 30. d4 Kf8 31. Kf1 Ke8 32. Ke1 Kd7 33.
Kd2 Rc4 34. Kd3 Ra4 35. Kc3 Rc4+ 0-1

[Event "Late-Titled-Tuesday-Blitz-March-26-2024"]
[Site "Chess.com"]
[Date "2024.03.26"]
[Round "5"]
[White "Orest_Vovk"]
[Black "Mops_2004"]
[Result "0-1"]
[WhiteElo "2594"]
[BlackElo "2802"]
[TimeControl "180+1"]
[EndTime "14:57:49 PDT"]
[Termination "Mops_2004 won by resignation"]

1. h4 d5 2. h5 e5 3. h6 Nxh6 4. d4 e4 5. Bxh6 gxh6 6. e3 Nd7 7. c4 Nf6 8. Qb3 c6 9. Nc3 Rb8 10. cxd5 cxd5 11. Bb5+ Bd7 12. Bxd7+ Qxd7 13. Nge2 Bg7 14. Nf4 Rd8 15. Nh5 Nxh5 16. Rxh5 f5 17. Qb5 O-O 18. Qxd7 Rxd7 19. g3 Rf6 20. Rc1 Kf7 21. Ne2 Bf8 22. Rc2 Bd6 23. Kd1 Kg6 24. Rh4 Rff7 25. Rc8 Rf8 26.
Nf4+ Kf7 27. Rxf8+ Bxf8 28. a3 Kf6 29. Kd2 Rd6 30.
Rh1 Kg5 31. Rc1 Kg4 32. Ke2 Rc6 33. Rc3 Rxc3 34. bxc3 Bxa3 35. Nxd5 a5 36. Nf6+ Kh3 37.
Nd7 b5 38. Nc5 a4 39. Kd2 Kg2 40. Na6 Bd6 41. Nb4 Kxf2 42. Nc2 Kxg3 43. c4 bxc4 44. Kc3 h5 45. Kxc4 h4 46. Kd5 Bf8 47. Ke6 h3 0-1

[Event "Late-Titled-Tuesday-Blitz-March-26-2024"]
[Site "Chess.com"]
[Date "2024.03.26"]
[Round "5"]
[White "Agibileg"]
[Black "HansOnTwitch"]
[Result "0-1"]
[WhiteElo "2766"]
[BlackElo "3109"]
[TimeControl "180+1"]
[EndTime "14:57:50 PDT"]
[Termination "HansOnTwitch won by resignation"]

1. d4 Nf6 2. c4 e6 3. Nc3 Bb4 4. a3 Bxc3+ 5. bxc3 Nc6 6. f3 b6 7. e4 Na5 8. Bd3 Ba6 9. Qe2 d6 10. f4 Qd7 11. Nf3 Qa4 12. Nd2 Nd7 13. O-O c5 14. d5 O-O-O 15. Ra2 exd5 16. cxd5 Bxd3 17.
Qxd3 c4 18. Qd4 Nc5 19. Qxg7 Qd7 20. Qd4 Ncb3 21. Qe3 Rde8 22. Nf3 Nc5 23. e5 dxe5 24. fxe5 Qxd5 25. Re2 Nd3 26. Qh6 Nc6 27. Bg5 Kb7 28. Bf6 Rhg8 29. Qxh7 Ka6 30. Qe4 Qc5+ 31. Kh1 Rg6 32.
Qh4 Reg8 33. a4 Rg4 34. Qh7 Nf4 35. Re4 Nxg2 36. Rxg4 Rxg4 37. Qxf7 Ne3 38. Rb1 Nd1 39. Bh4 Nf2+ 40. Bxf2 Qxf2 41. Rb2 Rg1+ 0-1

[Event "Late-Titled-Tuesday-Blitz-March-26-2024"]
[Site "Chess.com"]
[Date "2024.03.26"]
[Round "5"]
[White "a_kandil"]
[Black "GelmanAlexander"]
[Result "0-1"]
[WhiteElo "2508"]
[BlackElo "2676"]
[TimeControl "180+1"]
[EndTime "14:57:50 PDT"]
[Termination "GelmanAlexander won by resignation"]

1. e4 c5 2. Nf3 e6 3. d4 cxd4 4. Nxd4 a6 5. Be3 d6 6. Nc3 Nf6 7. f3 h5 8. Qd2 Nbd7 9. O-O-O b5 10. Kb1 Bb7 11. Bd3 Rc8 12. Rhe1 Be7 13. h4 b4 14. Nce2 d5 15. exd5 Nxd5 16. Bg5 O-O 17. Nf4 Bxg5 18. hxg5 Qxg5 19. Nxh5 Qxd2 20. Rxd2 Nc5 21. Bf1 Rfd8 22.
Ng3 a5 23. Red1 a4 24. Nb5 a3 25. Ne4 Na4 26. Ned6 Rb8 27. Bd3 Bc6 28. Rh1 axb2 29. g4 Bxb5 30. Nxb5 Rxb5 31. c4 Ndc3+ 32. Kc2 Re5 33.
Bh7+ Kf8 34. Rxd8+ Ke7 35. Rd2 g6 36. Kb3 Nc5+ 37.
Kc2 Re3 38. Bxg6 b1=Q+ 39. Rxb1 Nxb1 40. Bd3 Nxd2 41. Kxd2 Rxd3+ 0-1

[Event "Late-Titled-Tuesday-Blitz-March-26-2024"]
[Site "Chess.com"]
[Date "2024.03.26"]
[Round "5"]
[White "crazycheesecake"]
[Black "The_Straightforward_Rook"]
[Result "0-1"]
[WhiteElo "2087"]
[BlackElo "2386"]
[TimeControl "180+1"]
[EndTime "14:57:51 PDT"]
[Termination "The_Straightforward_Rook won on time"]

1. Nf3 d5 2. c4 c6 3. g3 Nf6 4.
Bg2 Bg4 5. cxd5 cxd5 6. Qb3 Qb6 7.
Qxb6 axb6 8. Nc3 e6 9. O-O Be7 10. d3 O-O 11. Be3 Bc5 12. Bf4 Nc6 13.
a3 Bxf3 14. Bxf3 Nd4 15. Bg2 b5 16. b4 Bb6 17. Ra2 Rfc8 18. Rc1 Nd7 19. Kf1 Nb3 20.
Rcc2 Bd4 21. Nxb5 Bf6 22. Nc7 Ra7 23. Nxd5 Rxc2 24. Nxf6+ gxf6 25. Rxc2 Rxa3 26. Bxb7 Ra1+ 27. Kg2 Nd4 28. Rc8+ Kg7 29. e3 Ne2 30. Bd6 Ne5 31. Bxe5 fxe5 32. Kf3 Nc1 33. Be4 f5 34. Rc7+ Kf6 35.
Bc6 Nxd3 36. b5 Ra2 37. e4 Rxf2+ 38. Ke3 fxe4 39. Bxe4 Rxh2 40. Kxd3 Rh3 41. Rxh7 Rxg3+ 42. Kc4 Re3 43. Bd3 e4 44. Bf1 Re1 45. Rh1 e3 0-1

[Event "Late-Titled-Tuesday-Blitz-March-26-2024"]
[Site "Chess.com"]
[Date "2024.03.26"]
[Round "5"]
[White "RandomNoob04"]
[Black "secretsuperstar7"]
[Result "1-0"]
[WhiteElo "2672"]
[BlackElo "2503"]
[TimeControl "180+1"]
[EndTime "14:57:54 PDT"]
[Termination "RandomNoob04 won on time"]

1. e4 c5 2. d4 cxd4 3. c3 d5 4. exd5 Nf6 5. Bb5+ Bd7 6. Bxd7+ Nbxd7 7. Qxd4 g6 8. c4 Bg7 9. Nc3 O-O 10. Nf3 Nb6 11. Qd3 Rc8 12. b3 Nfxd5 13. Nxd5 Bxa1 14. O-O Nxd5 15. cxd5 Bg7 16. Qe4 Re8 17. h4 Rc5 18.
Rd1 Qc8 19. Be3 Rc3 20. h5 Qf5 21. Qa4 Rd8 22. h6 Bf8 23. Qa5 Rcc8 24. Bxa7 e6 25. Qb6 Rxd5 26. Re1 Bxh6 27. Qxb7 Rcd8 28. Bb6 Rf8 29.
a4 Bf4 30. a5 Qc2 31. a6 Rd1 32. a7 Rxe1+ 33. Nxe1 Qd1 34. Ba5 Bd2 35. Bxd2 Qxd2 36. Nf3 Qc1+ 37. Kh2 Qa1 38. b4 Qa4 39. b5 Qf4+ 40.
Kh1 Qc1+ 41. Kh2 Qf4+ 42. g3 Qa4 43. b6 Qa2 44. Kg2 1-0

[Event "Late-Titled-Tuesday-Blitz-March-26-2024"]
[Site "Chess.com"]
[Date "2024.03.26"]
[Round "5"]
[White "GarciaIsaac"]
[Black "kacperkarwowski"]
[Result "0-1"]
[WhiteElo "2640"]
[BlackElo "2515"]
[TimeControl "180+1"]
[EndTime "14:57:54 PDT"]
[Termination "kacperkarwowski won on time"]

1. e4 c6 2. d4 d5 3. exd5 cxd5 4. Bd3 Nc6 5. c3 Nf6 6. Bf4 Bg4 7. Qb3 Qd7 8. Nd2 e6 9. Ngf3 Bd6 10. Bxd6 Qxd6 11. O-O O-O 12. Rae1 Bxf3 13. Nxf3 Qc7 14. Ne5 Nxe5 15.
Rxe5 Nd7 16. Rh5 g6 17. Rh3 Rab8 18. Qc2 b5 19. a3 e5 20. dxe5 Qxe5 21. Qd2 a6 22. Re1 Qg7 23. Bb1 Nf6 24. Rhe3 Rbd8 25. Qd4 h5 26. h3 Ne4 27. Rd1 Qxd4 28. Rxd4 Nc5 29. Ba2 Na4 30. Re2 Rfe8 31. Red2 Re1+ 32. Kh2 Kg7 33. Kg3 Ra1 34. Bxd5 Rb1 35. Bb3 Rxd4 36. cxd4 Rxb2 37. Rxb2 Nxb2 38. Kf4 Kf6 39. Ke3 Nc4+ 40.
Bxc4 bxc4 41. Ke4 Ke6 42. d5+ Kd6 43. Kd4 c3 44. Kxc3 Kxd5 45. Kd3 h4 46. g3 g5 47. g4 f6 48. f3 Ke5 49. Ke3 f5 50. f4+ gxf4+ 51. Kf3 fxg4+ 52. hxg4 h3 53. a4 a5 54. g5 Kf5 55. g6 Kxg6 0-1

[Event "Late-Titled-Tuesday-Blitz-March-26-2024"]
[Site "Chess.com"]
[Date "2024.03.26"]
[Round "5"]
[White "hellokostya"]
[Black "DACF2905"]
[Result "1-0"]
[WhiteElo "2589"]
[BlackElo "2396"]
[TimeControl "180+1"]
[EndTime "14:57:54 PDT"]
[Termination "hellokostya won by resignation"]

1. e4 e5 2. Nf3 Nc6 3. Bc4 Be7 4. O-O Nf6 5. d3 O-O 6. a4 h6 7.
a5 a6 8. h3 d5 9. exd5 Nxd5 10. Re1 Bf6 11. Nbd2 g6 12. Ne4 Bg7 13. c3 Rb8 14.
Qb3 Be6 15. Nc5 Qd6 16. Nxe6 fxe6 17. Nd2 b5 18. axb6 Rxb6 19. Qa2 Nf4 20. Ne4 Qe7 21.
Be3 Kh7 22. Bxb6 cxb6 23. Qxa6 Qh4 24. Qxb6 Ne7 25. Ra7 Nf5 26. Bxe6 Nxd3 27. Bxf5 gxf5 28. Qc7 Rg8 29. Qf7 fxe4 30. Qf5+ Kh8 31. Rxe4 Qg5 32.
Qxg5 hxg5 33. b4 Rc8 34. b5 Rxc3 35. b6 Nc5 36. Rb4 e4 37. g3 e3 38. fxe3 Rxe3 39.
Kf2 Rc3 40. Rb1 Ne4+ 41. Ke2 Bd4 42. Ra8+ Kg7 43. b7 Re3+ 44. Kd1 Nc3+ 45. Kc2 Be5 46. Rb3 Nd5 47. Rxe3 Nxe3+ 48. Kd3 Nf5 49. Ke4 Bxg3 50. Kxf5 Bf4 51. b8=Q 1-0

[Event "Late-Titled-Tuesday-Blitz-March-26-2024"]
[Site "Chess.com"]
[Date "2024.03.26"]
[Round "5"]
[White "Njal28"]
[Black "jstopa4"]
[Result "1-0"]
[WhiteElo "3035"]
[BlackElo "2741"]
[TimeControl "180+1"]
[EndTime "14:57:56 PDT"]
[Termination "Njal28 won by resignation"]

1. d4 Nf6 2. c4 g6 3. Nf3 Bg7 4. Nc3 d5 5. Bg5 Ne4 6. Bh4 Nxc3 7. bxc3 c5 8. e3 Nc6 9. cxd5 Qxd5 10. Be2 cxd4 11.
cxd4 O-O 12. O-O b6 13. Rc1 Bb7 14. Bc4 Qd7 15. Qa4 a6 16. d5 b5 17. dxc6 Bxc6 18.
Qa3 bxc4 19. Qxe7 Qxe7 20. Bxe7 Rfe8 21. Bc5 Bb2 22. Rxc4 Bb5 23. Rc2 Bxf1 24. Rxb2 Bc4 25. h4 Rab8 26. Rc2 Rb1+ 27. Kh2 Bd5 28. Bd4 Bxf3 29.
gxf3 Reb8 30. Kg3 a5 31. Rc5 R1b5 32. Rc7 R5b7 33. Rc6 Kf8 34. h5 gxh5 35. Rh6 Rb5 36. Rxh7 Ke7 37. Rh6 Rg8+ 38. Kf4 Rg6 39. Rh8 Rd5 40. Ke4 Rb5 41. f4 Re6+ 42. Kf3 Rc6 43. Be5 Rc2 44. Rxh5 Rb1 45. Bd4 Rxa2 46. f5 a4 47. f6+ Ke6 48. Re5+ Kd6 49. Re7 Rf1 50.
e4 a3 51. Rxf7 Rd2 52. e5+ Ke6 53. Re7+ Kd5 54. f7 Rdxf2+ 55. Bxf2 a2 56. Ra7 a1=Q 57. Rxa1 1-0

[Event "Late-Titled-Tuesday-Blitz-March-26-2024"]
[Site "Chess.com"]
[Date "2024.03.26"]
[Round "5"]
[White "Nemsko"]
[Black "ahkashefi2800"]
[Result "0-1"]
[WhiteElo "2424"]
[BlackElo "2593"]
[TimeControl "180+1"]
[EndTime "14:57:57 PDT"]
[Termination "ahkashefi2800 won by checkmate"]

1. e4 c6 2. d4 d5 3. e5 Bf5 4. h4 h5 5. Bd3 Bxd3 6. Qxd3 e6 7.
Bg5 Qb6 8. Nd2 Qa6 9. c4 Bb4 10. b3 Ne7 11. Nf3 Nf5 12. O-O Nd7 13. a3 Be7 14. g3 Bxg5 15. Nxg5 Nb6 16. Qc3 dxc4 17. bxc4 Rd8 18. Ngf3 O-O 19. Rac1 Rd7 20. Ne4 Na4 21.
Qd2 Rfd8 22. Qg5 Rxd4 23. Nxd4 Rxd4 24. Nf6+ Kf8 25. Nh7+ Ke8 26. Rfd1 Nc3 27. Rxd4 Ne2+ 28. Kh1 Nexd4 29. Qxh5 c5 30. Ng5 Qc6+ 31. Kh2 Nh6 32. Qd1 f6 33. exf6 gxf6 34. Qh5+ Ke7 35. Qxh6 fxg5 36. Qh7+ Kd6 37. Rc3 Nf3+ 38. Kh3 Ng1+ 39. Kh2 Nf3+ 40. Kh3 g4+ 41. Kxg4 Ne5+ 42. Kh3 Qh1# 0-1

[Event "Late-Titled-Tuesday-Blitz-March-26-2024"]
[Site "Chess.com"]
[Date "2024.03.26"]
[Round "5"]
[White "Cluke86"]
[Black "Mikhail_Golubev"]
[Result "1/2-1/2"]
[WhiteElo "2339"]
[BlackElo "2644"]
[TimeControl "180+1"]
[EndTime "14:57:57 PDT"]
[Termination "Game drawn by repetition"]

1. e4 c5 2. Nc3 Nc6 3. f4 g6 4. Nf3 Bg7 5. a4 e6 6. e5 d5 7. d4 Nge7 8. dxc5 Qa5 9. Bb5 O-O 10. O-O a6 11. Bxc6 Qxc5+ 12. Nd4 Nf5 13. Ne2 bxc6 14. c3 a5 15. Kh1 Ba6 16. Nxf5 exf5 17. Nd4 Bxf1 18.
Qxf1 Rab8 19. Qa6 Rb6 20. Qa7 Qc4 21. h3 Qf1+ 22. Kh2 Ra6 23. Qd7 Bh6 24. Nf3 Bxf4+ 25. Bxf4 Qxa1 26. e6 Qxa4 27. Bd6 Qe4 28. Ng5 Qe3 29.
Nxf7 Ra7 30. Nh6+ Kh8 31. Qxa7 Qxh6 32. Bxf8 Qxf8 33. e7 Qe8 34. Qd4+ Kg8 35. Qf6 c5 36. Qe6+ Kg7 37. Qe5+ Kf7 38. Qxd5+ Kxe7 39. Qxc5+ Kf7 40. Qd5+ Kg7 41. Qd4+ Kh6 42. Qf4+ Kg7 43. Qd4+ Kf7 44. Qd5+ Kf6 45. Qd6+ Kg5 46. Qg3+ Kh5 47. Qf3+ Kh6 48. Qf4+ Kg7 49. Qd4+ 1/2-1/2

[Event "Late-Titled-Tuesday-Blitz-March-26-2024"]
[Site "Chess.com"]
[Date "2024.03.26"]
[Round "5"]
[White "GMMikhailKazakov"]
[Black "LikeWater"]
[Result "0-1"]
[WhiteElo "2469"]
[BlackElo "2712"]
[TimeControl "180+1"]
[EndTime "14:57:59 PDT"]
[Termination "LikeWater won by checkmate"]

1. d4 Nf6 2. c4 g6 3. Nc3 Bg7 4. e4 d6 5. Nf3 O-O 6. Be2 a5 7. O-O e5 8. d5 Na6 9. Bg5 h6 10. Be3 Ng4 11. Bd2 f5 12. Ne1 Nf6 13. f3 f4 14. Nd3 g5 15. a3 c5 16. dxc6 bxc6 17.
c5 dxc5 18. Kh1 Qd4 19. Be1 c4 20. Nc1 Nc5 21. Bf2 Qxd1 22. Bxc4+ Be6 23. Bxe6+ Nxe6 24. Rxd1 Rfb8 25. Nd3 g4 26. Na4 Ng5 27. Nxe5 gxf3 28. gxf3 Nfxe4 29. fxe4 Bxe5 30. Rg1 Kf7 31. Rac1 Nxe4 32.
Be1 Bxb2 33. Nxb2 Rxb2 34. Rc4 Re2 35. Rxc6 Rb8 36. Rxh6 Rbb2 37. Rh7+ Ke6 38. Rh6+ Kd5 39. Rh5+ Kd4 40. Rh4 Ke3 41. Bxa5 f3 42. Rh3 Nf2# 0-1

[Event "Late-Titled-Tuesday-Blitz-March-26-2024"]
[Site "Chess.com"]
[Date "2024.03.26"]
[Round "5"]
[White "andrzej"]
[Black "titomagno_64"]
[Result "1-0"]
[WhiteElo "2520"]
[BlackElo "2302"]
[TimeControl "180+1"]
[EndTime "14:57:59 PDT"]
[Termination "andrzej won on time"]

1. e4 g6 2. d4 Nf6 3. Nc3 d5 4. e5 Ne4 5. Nxe4 dxe4 6. Bc4 Bg7 7. c3 O-O 8. Ne2 c5 9. O-O Nc6 10. h3 cxd4 11. cxd4 Qa5 12. Be3 Bf5 13. Qb3 Qc7 14. Rac1 Qd7 15. Bb5 Be6 16. Qa4 Bd5 17. Nf4 Rac8 18.
Rfd1 a6 19. Nxd5 Qxd5 20. Bc4 Qd7 21. e6 fxe6 22. d5 Ne5 23. Qxd7 Nxd7 24. dxe6 Ne5 25. Bd5 Rxc1 26. Rxc1 Nd3 27. Rc7 Nxb2 28. Rxe7 b5 29.
Rxg7+ Kxg7 30. Bd4+ Kh6 31. Bxb2 Re8 32. h4 a5 33. Bf6 g5 34. hxg5+ Kg6 35. e7 Rc8 36. Bxe4+ Kf7 37. Bxh7 b4 38. g6+ Kxf6 39. f4 Re8 40. g4 Rxe7 41. g5+ Kg7 42. f5 Re1+ 43. Kf2 Ra1 44. f6+ Kh8 45. Ke3 Rxa2 46. Kd4 Rd2+ 47. Ke5 Rf2 48. Ke6 b3 49. Kf7 1-0

[Event "Late-Titled-Tuesday-Blitz-March-26-2024"]
[Site "Chess.com"]
[Date "2024.03.26"]
[Round "5"]
[White "GoltsevDmitry2000"]
[Black "Harsha_Bharathakoti"]
[Result "1/2-1/2"]
[WhiteElo "2800"]
[BlackElo "2902"]
[TimeControl "180+1"]
[EndTime "14:58:00 PDT"]
[Termination "Game drawn - insufficient material"]

1. e4 e6 2. d4 d5 3. exd5 exd5 4. Nf3 Nc6 5. c4 Bb4+ 6. Nc3 Nge7 7. a3 Bxc3+ 8. bxc3 Bg4 9. Bd3 dxc4 10. Bxc4 O-O 11.
O-O Nd5 12. Qd3 Bh5 13. Bg5 Qd6 14. Rfe1 Rfe8 15. Ne5 f6 16. Nxc6 bxc6 17. Bh4 Bf7 18. Bg3 Qd7 19. Bxd5 Bxd5 20. Qd2 Rab8 21. Rxe8+ Rxe8 22.
Re1 h6 23. h3 Rb8 24. Qe2 Qf7 25. Qa6 Rb3 26. Qxa7 Rxc3 27. Bxc7 Kh7 28. Qb6 Qg6 29. Qb1 Rxa3 30. Qxg6+ Kxg6 31. Bd6 Rb3 32. Bf8 Kf7 33. Bc5 g5 34. Re7+ Kg6 35. Re1 h5 36. Rc1 h4 37.
Re1 Rb2 38. Ba3 Ra2 39. Bc5 Rc2 40. Be7 Kf7 41. Bd8 Rd2 42. Bb6 Kg6 43. Rc1 f5 44.
Re1 g4 45. hxg4 fxg4 46. Bd8 g3 47. Bxh4 Rxf2 48. Re3 Rxg2+ 49. Kf1 Rf2+ 50. Ke1 Rh2 51. Bxg3 Rh3 52. Kf2 Kf5 53. Be5 Rxe3 54. Kxe3 Ke6 55. Kd3 c5 56. Bc7 cxd4 57. Kxd4 1/2-1/2

[Event "Late-Titled-Tuesday-Blitz-March-26-2024"]
[Site "Chess.com"]
[Date "2024.03.26"]
[Round "5"]
[White "TokChess"]
[Black "nj123456"]
[Result "0-1"]
[WhiteElo "2607"]
[BlackElo "2484"]
[TimeControl "180+1"]
[EndTime "14:58:01 PDT"]
[Termination "nj123456 won on time"]

1. c4 e6 2. g3 d5 3. Bg2 Nf6 4. Nf3 Be7 5. O-O O-O 6. d4 dxc4 7. Qc2 a6 8. a4 Bd7 9. Qxc4 Bc6 10. Bg5 Nbd7 11.
Nc3 h6 12. Bxf6 Nxf6 13. Rfc1 a5 14. Rd1 Bxf3 15. Bxf3 c6 16. Rac1 Qb6 17. Rb1 Rfd8 18. e3 Qb4 19. Be2 Nd5 20. Ne4 Nb6 21. Qxb4 axb4 22. b3 Nd5 23. Rbc1 f5 24. Nd2 Nc3 25. Re1 Bf6 26. Nc4 b5 27. axb5 cxb5 28. Nb2 Ra2 29. Rc2 Ra3 30. Nd3 Rxb3 31. Nc5 Ra3 32. Nxe6 Rc8 33.
Nc5 Be7 34. Rb2 Bxc5 35. dxc5 b3 36. Bd1 Nxd1 37. Rxd1 Rxc5 38. Rd3 Kf7 39. Rdxb3 Rxb3 40. Rxb3 Ke6 41. h3 Kd5 42. g4 Kc4 43. Rb1 fxg4 44.
hxg4 b4 45. Kg2 b3 46. Kg3 Kc3 47. e4 Kc2 48. Re1 b2 49. Kf4 Kb3 50. Rb1 g5+ 51. Ke3 Kc2 52. Re1 b1=Q 53. Rxb1 Kxb1 54. Kd4 Rc2 55. f3 Rf2 56. Ke3 Rf1 57. e5 Kc2 58. Ke4 Kc3 59. e6 Re1+ 60. Kf5 Kd4 61. Kf6 Kd5 62.
Kf7 Rxe6 0-1

[Event "Late-Titled-Tuesday-Blitz-March-26-2024"]
[Site "Chess.com"]
[Date "2024.03.26"]
[Round "5"]
[White "The_Machine04"]
[Black "zverr1"]
[Result "1-0"]
[WhiteElo "2789"]
[BlackElo "2560"]
[TimeControl "180+1"]
[EndTime "14:58:02 PDT"]
[Termination "The_Machine04 won by checkmate"]

1. d4 Nf6 2. Nf3 g6 3. Nbd2 d5 4. e3 Bg7 5. b4 a5 6. b5 c5 7.
bxc6 Nxc6 8. a4 Bf5 9. c3 O-O 10. Ba3 Rc8 11. Qb3 Ne4 12. Nxe4 Bxe4 13. Be2 Qc7 14.
O-O Rfd8 15. Rfc1 h6 16. Bc5 Qd7 17. Nd2 Bf5 18. Bf3 e6 19. c4 g5 20. cxd5 exd5 21.
h3 Bf8 22. Bb6 Bb4 23. Nf1 Be6 24. Bxd8 Rxd8 25. Ng3 f5 26. Qd3 Rf8 27. Ne2 Qf7 28. g3 Qd7 29. Rc2 Kg7 30. Rac1 Rd8 31. Qb5 Rc8 32. Nc3 Rd8 33. Na2 Ba3 34. Rb1 Nb4 35.
Qxd7+ Bxd7 36. Nxb4 Bxb4 37. Rc7 Kf6 38. Rxb7 Bxa4 39.
Rb6+ Kg7 40. Rc1 Rd7 41. Rb8 Kh7 42. Rcc8 Kg7 43. Rg8+ Kf6 44. Rh8 Rg7 45. Rxh6+ Rg6 46. Rb6+ Ke7 47. Rhxg6 Bb3 48. Rg7+ Kf8 49. Ra7 Ba4 50.
Rb8+ Be8 51. Bh5 Be7 52. Rxe8+ Kg7 53. Raxe7+ Kh6 54. Rh8# 1-0

[Event "Late-Titled-Tuesday-Blitz-March-26-2024"]
[Site "Chess.com"]
[Date "2024.03.26"]
[Round "5"]
[White "whiteglovethief"]
[Black "kai_nov"]
[Result "1-0"]
[WhiteElo "2491"]
[BlackElo "2340"]
[TimeControl "180+1"]
[EndTime "14:58:02 PDT"]
[Termination "whiteglovethief won by checkmate"]

1. d4 d5 2. c4 e6 3. Nf3 a6 4. Nbd2 c5 5. cxd5 cxd4 6. dxe6 Bxe6 7. g3 Nc6 8. Bg2 d3 9. O-O dxe2 10. Qxe2 Be7 11. Nb3 Nf6 12. Rd1 Qc8 13. Nfd4 Bg4 14. f3 Nxd4 15. Nxd4 Be6 16. Nxe6 Qxe6 17.
Qxe6 fxe6 18. f4 Bc5+ 19. Kf1 Rb8 20. Bh3 Kf7 21. Bd2 Nd5 22. Rac1 Rbc8 23. Ke2 Bd4 24. Rxc8 Rxc8 25. Be1 Rc4 26. b3 Rc2+ 27. Rd2 Rxd2+ 28.
Bxd2 Bc3 29. Bg2 Bxd2 30. Kxd2 Ke7 31. Bxd5 exd5 32. Kc3 h5 33. Kd4 Ke6 34. h3 g6 35.
g4 hxg4 36. hxg4 b6 37. a3 a5 38. a4 Kd6 39. f5 gxf5 40. gxf5 Kc6 41. f6 Kd6 42. f7 Ke7 43. Kxd5 Kxf7 44. Kc6 Ke7 45. Kxb6 Kd6 46. Kxa5 Kc7 47. Ka6 Kb8 48. Kb6 Ka8 49. b4 Kb8 50. b5 Ka8 51. Kc7 Ka7 52. b6+ Ka6 53. b7 Ka5 54. b8=Q Ka6 55. Qb6# 1-0